[Event "Early-Titled-Tuesday-Blitz-September-12-2023"]
[Site "Chess.com"]
[Date "2023.09.12"]
[Round "3"]
[White "Mops_2004"]
[Black "Rickstereo"]
[Result "1-0"]
[WhiteElo "2749"]
[BlackElo "2413"]
[TimeControl "180+1"]
[EndTime "8:26:13 PDT"]
[Termination "Mops_2004 won by resignation"]

1. g3 Nf6 2. Bg2 g6 3. Nf3 Bg7 4. d4 d5 5. O-O O-O 6. c4 c6 7. b3 Bf5 8. Bb2 Ne4 9. e3 Nd7 10. Nc3 Ndf6 11. Qe2 Nxc3 12. Bxc3 Ne4 13. Bb2 Rc8 14.
Rac1 Qa5 15. a3 Qb6 16. b4 dxc4 17. Qxc4 Bg4 18. Qc2 Nf6 19. Ne5 Be6 20. Nc4 Qa6 21. Rfd1 Rcd8 22. Bf1 Bf5 23. Qb3 Be6 24. Qc3 Ne4 25. Qc2 Ng5 26. h4 Bf5 27. Qe2 Ne4 28. Qf3 Nf6 29. Nd6 Bg4 30. Qxg4 Nxg4 31. Bxa6 bxa6 32.
Nb7 Rc8 33. Na5 1-0

[Event "Early-Titled-Tuesday-Blitz-September-12-2023"]
[Site "Chess.com"]
[Date "2023.09.12"]
[Round "3"]
[White "Francisco_Ferrari"]
[Black "Jackalhead_Anubis"]
[Result "1-0"]
[WhiteElo "2166"]
[BlackElo "2391"]
[TimeControl "180+1"]
[EndTime "8:26:13 PDT"]
[Termination "Francisco_Ferrari won by resignation"]

1. e4 e5 2. Nf3 Nc6 3. Bb5 Nf6 4. d3 Bc5 5. c3 d5 6. Nxe5 O-O 7. Nxc6 bxc6 8.
Bxc6 Rb8 9. O-O Bg4 10. Qc2 dxe4 11. dxe4 Qd6 12. Ba4 Rfd8 13. Bg5 h6 14. Bh4 g5 15. Bg3 Qb6 16. b4 Be7 17. Na3 h5 18. Nc4 Qa6 19.
Bb3 Rbc8 20. h4 gxh4 21. Bxh4 c5 22. e5 Nd5 23. Bxe7 Nxe7 24. Nd6 Rxd6 25. exd6 Qxd6 26. bxc5 Qxc5 27. Rfe1 Kf8 28. Qh7 Qf5 29. Qh6+ Ke8 30. Qd6 1-0

[Event "Early-Titled-Tuesday-Blitz-September-12-2023"]
[Site "Chess.com"]
[Date "2023.09.12"]
[Round "3"]
[White "masnyszachistaaa"]
[Black "RCone"]
[Result "1-0"]
[WhiteElo "2556"]
[BlackElo "2343"]
[TimeControl "180+1"]
[EndTime "8:26:14 PDT"]
[Termination "masnyszachistaaa won by resignation"]

1. e4 d6 2. d4 Nf6 3. Nc3 g6 4. f4 Bg7 5. Nf3 O-O 6. Bd3 Na6 7. O-O c5 8. d5 Bg4 9. a3 Nc7 10. h3 Bxf3 11. Qxf3 a6 12. a4 b5 13. axb5 axb5 14.
Rxa8 Qxa8 15. Nxb5 Nxb5 16. Bxb5 Rb8 17. Bd3 Qa2 18.
b3 c4 19. bxc4 Nd7 20. Be3 Rb1 21. Rxb1 Qxb1+ 22. Qf1 Qb2 23. Qf2 Nc5 24. Bxc5 dxc5 25. e5 Bh6 26. g3 g5 27. fxg5 Bxg5 28. e6 fxe6 29. dxe6 Qc1+ 30. Kg2 Qd2 31. Be2 Qxc2 32. Qf7+ 1-0

[Event "Early-Titled-Tuesday-Blitz-September-12-2023"]
[Site "Chess.com"]
[Date "2023.09.12"]
[Round "3"]
[White "verrbaa"]
[Black "cukin84"]
[Result "1-0"]
[WhiteElo "2439"]
[BlackElo "2217"]
[TimeControl "180+1"]
[EndTime "8:26:16 PDT"]
[Termination "verrbaa won by resignation"]

1. e4 c6 2. d4 d5 3. e5 c5 4.
dxc5 e6 5. a3 Bxc5 6. b4 Bf8 7.
Nf3 Ne7 8. Bd3 Ng6 9. h4 Nc6 10. Bb2 Nf4 11. g3 Nxd3+ 12. Qxd3 Be7 13. Nbd2 a6 14.
c4 dxc4 15. Qxc4 O-O 16. O-O-O Bd7 17. Kb1 Rc8 18. Qe4 f5 19. exf6 Bxf6 20. Ng5 g6 21. Nxh7 Kxh7 22. h5 Qe8 23. hxg6+ Kg8 24. Bxf6 Rxf6 25. Rh8+ Kxh8 26. Qh4+ Kg7 27. Qh7+ Kf8 28. g7+ Ke7 29. g8=Q+ Kd8 30. Qxe8+ Kxe8 31. Ne4 1-0

[Event "Early-Titled-Tuesday-Blitz-September-12-2023"]
[Site "Chess.com"]
[Date "2023.09.12"]
[Round "3"]
[White "nitpicker"]
[Black "bazar-wokzal"]
[Result "0-1"]
[WhiteElo "2289"]
[BlackElo "2518"]
[TimeControl "180+1"]
[EndTime "8:26:17 PDT"]
[Termination "bazar-wokzal won by checkmate"]

1. d4 Nf6 2. c4 Nc6 3. Nf3 e6 4. a3 g6 5. Nc3 Bg7 6. e4 d6 7.
Be2 O-O 8. Be3 e5 9. d5 Ne7 10.
Nd2 Ne8 11. b4 f5 12. f3 Kh8 13. O-O Ng8 14. c5 Bh6 15. Nc4 Bd7 16. Qd2 Bxe3+ 17. Qxe3 Qh4 18. Rac1 Ngf6 19. c6 bxc6 20. dxc6 Bxc6 21.
Na5 Bd7 22. Bb5 Bxb5 23. Nxb5 fxe4 24. Nxc7 Nxc7 25. Rxc7 exf3 26. Qxf3 Nd7 27. Qg3 Qd4+ 28. Rf2 Qd1+ 29. Rf1 Qxf1# 0-1

[Event "Early-Titled-Tuesday-Blitz-September-12-2023"]
[Site "Chess.com"]
[Date "2023.09.12"]
[Round "3"]
[White "Alexei_Gubajdullin"]
[Black "Fleetw00dMac"]
[Result "0-1"]
[WhiteElo "2611"]
[BlackElo "2466"]
[TimeControl "180+1"]
[EndTime "8:26:20 PDT"]
[Termination "Fleetw00dMac won by resignation"]

1. d4 Nf6 2. Nf3 g6 3. Bf4 Bg7 4. e3 d6 5. Be2 Nh5 6. Bg5 h6 7.
Bh4 c5 8. c3 g5 9. Bg3 Nxg3 10.
hxg3 Nd7 11. Nbd2 b6 12. a4 a6 13. g4 Bb7 14. Nf1 Nf6 15. Ng3 e6 16. Nh5 Nxh5 17.
Rxh5 Qc7 18. Kf1 O-O-O 19. b4 cxb4 20. cxb4 Kb8 21. b5 a5 22. Rc1 Qe7 23. Nd2 Rc8 24. Nc4 Ka7 25. Rb1 Bd5 26. Nxa5 bxa5 27. Qd2 Kb6 28. f3 Bc4 29. Rh1 d5 30. Kf2 Rc7 31. Rhc1 Rhc8 32. Bxc4 Rxc4 33. Rxc4 Rxc4 34. Qd3 Qc7 35.
Qh7 Bf8 36. Qg8 Rc2+ 37. Kg1 Qg3 0-1

[Event "Early-Titled-Tuesday-Blitz-September-12-2023"]
[Site "Chess.com"]
[Date "2023.09.12"]
[Round "3"]
[White "NotFischer"]
[Black "Semetey"]
[Result "0-1"]
[WhiteElo "2279"]
[BlackElo "2514"]
[TimeControl "180+1"]
[EndTime "8:26:23 PDT"]
[Termination "Semetey won by resignation"]

1. e4 c6 2. d4 d5 3. exd5 cxd5 4. Bd3 Nf6 5. c3 Bg4 6. Qb3 Qc8 7. Bf4 Nc6 8. Nd2 e6 9. Ngf3 Be7 10. O-O O-O 11.
Rae1 a6 12. Qc2 Bh5 13. Ne5 Bg6 14. Nxg6 hxg6 15. Nf3 b5 16. a3 Qb7 17. Ne5 Rfc8 18.
Qe2 Nxe5 19. Bxe5 Qc6 20. Bxf6 gxf6 21. Qg4 Kg7 22. f4 Rh8 23. f5 Bd6 24. fxg6 Bxh2+ 25. Kf2 f5 26. Qg5 f6 27. Qe3 Rae8 28. g3 Rh3 29. Qe2 Qd6 30. Rg1 Bxg3+ 31. Kf1 Qf4+ 0-1

[Event "Early-Titled-Tuesday-Blitz-September-12-2023"]
[Site "Chess.com"]
[Date "2023.09.12"]
[Round "3"]
[White "brunoo2003"]
[Black "bescmelasti"]
[Result "1-0"]
[WhiteElo "2475"]
[BlackElo "2611"]
[TimeControl "180+1"]
[EndTime "8:26:25 PDT"]
[Termination "brunoo2003 won by resignation"]

1. d4 d5 2. c4 dxc4 3. e3 Nf6 4.
Bxc4 e6 5. Nf3 c5 6. O-O a6 7.
Qe2 b5 8. Bb3 Nbd7 9. e4 Bb7 10.
d5 c4 11. dxe6 fxe6 12. Bc2 Bc5 13. e5 Nd5 14. Ng5 Nf8 15. Qh5+ g6 16. Qg4 Qe7 17. Ne4 h6 18. b3 cxb3 19. Bxb3 O-O-O 20. a4 Kb8 21. axb5 axb5 22. Na3 Nd7 23. Nxb5 Nxe5 24. Qg3 Qg7 25.
Bb2 1-0

[Event "Early-Titled-Tuesday-Blitz-September-12-2023"]
[Site "Chess.com"]
[Date "2023.09.12"]
[Round "3"]
[White "Rakitic2010"]
[Black "DmitryMaximov"]
[Result "0-1"]
[WhiteElo "2413"]
[BlackElo "2738"]
[TimeControl "180+1"]
[EndTime "8:26:29 PDT"]
[Termination "DmitryMaximov won on time"]

1. e4 c5 2. Nf3 d6 3. d4 cxd4 4.
Nxd4 Nf6 5. Nc3 a6 6. f3 g6 7. Be3 Bg7 8. Qd2 h5 9. a4 Nbd7 10. Be2 Qc7 11. O-O O-O 12. a5 Ne5 13. Ra4 Bd7 14. Rb4 Nc6 15. Nxc6 bxc6 16. Rb6 Be6 17. f4 Nd7 18. f5 gxf5 19. exf5 Bd5 20. Nxd5 cxd5 21. Qxd5 Nxb6 22. axb6 Qxc2 23. Bd3 Qxb2 24. f6 exf6 25. Qxh5 Rfe8 26. Bc4 Rxe3 27. Qxf7+ Kh7 28. Qh5+ Bh6 29. Bf7 Qc2 30. h3 Rg3 31. Bd5 Rf8 32. b7 Rg5 33. Qf3 Qc5+ 34. Kh1 Qxd5 35. b8=Q Rxb8 0-1

[Event "Early-Titled-Tuesday-Blitz-September-12-2023"]
[Site "Chess.com"]
[Date "2023.09.12"]
[Round "3"]
[White "Artemiki"]
[Black "Jojo_898"]
[Result "1-0"]
[WhiteElo "2148"]
[BlackElo "2365"]
[TimeControl "180+1"]
[EndTime "8:26:29 PDT"]
[Termination "Artemiki won by resignation"]

1. e4 d6 2. d4 Nf6 3. Nc3 g6 4.
g3 c6 5. a4 Bg7 6. Bg2 O-O 7.
Nge2 Nbd7 8. h3 e5 9. O-O Qe7 10. Be3 Nb6 11. Qd3 Be6 12. b3 Rad8 13. g4 d5 14.
dxe5 dxe4 15. exf6 Bxf6 16. Qxe4 Nd5 17. Nxd5 cxd5 18.
Qd3 Bxa1 19. Rxa1 f5 20. g5 b6 21. f4 Kf7 22. Bd4 Qc7 23. Kh1 Rc8 24. Rc1 Rfe8 25.
Be5 Qc5 26. Nd4 Red8 27. Re1 Re8 28. Nxe6 Rxe6 29. Bxd5 Qxc2 30. Bxe6+ Kxe6 31. Qd6+ 1-0

[Event "Early-Titled-Tuesday-Blitz-September-12-2023"]
[Site "Chess.com"]
[Date "2023.09.12"]
[Round "3"]
[White "DrDreBeats"]
[Black "EvgenyBurmakin"]
[Result "1/2-1/2"]
[WhiteElo "2538"]
[BlackElo "2288"]
[TimeControl "180+1"]
[EndTime "8:26:30 PDT"]
[Termination "Game drawn by repetition"]

1. e4 c5 2. Nf3 d6 3. d4 cxd4 4. Nxd4 Nf6 5. Nc3 e6 6. h3 Be7 7. Be2 Nc6 8. Nb3 O-O 9. O-O a6 10. f4 b5 11. Bf3 Bb7 12. Be3 Qc7 13. a3 Rac8 14. Qe1 Rfe8 15. Rd1 e5 16. f5 Na5 17.
Nxa5 Qxa5 18. g4 b4 19. axb4 Qxb4 20. Nd5 Nxd5 21. exd5 e4 22. c3 Qxb2 23. Rb1 Qxc3 24. Qxc3 Rxc3 25. Rxb7 exf3 26. Bd4 Rd3 27. Re1 Rxd4 28.
Rexe7 Rf8 29. Kf2 Rxd5 30. Ra7 Ra5 31. Red7 d5 32. h4 g6 33. f6 h6 34. Kxf3 Ra3+ 35. Kf4 Ra4+ 36. Kf3 Ra3+ 37. Kf2 Ra4 38. Kg3 Ra3+ 39. Kf4 Ra4+ 40. Kg3 Ra3+ 41. Kg2 Ra4 42. Kh3 Ra3+ 43. Kh2 Ra4 44. Kg3 1/2-1/2

[Event "Early-Titled-Tuesday-Blitz-September-12-2023"]
[Site "Chess.com"]
[Date "2023.09.12"]
[Round "3"]
[White "artin10862"]
[Black "MartinMatthiesen"]
[Result "1-0"]
[WhiteElo "2937"]
[BlackElo "2518"]
[TimeControl "180+1"]
[EndTime "8:26:34 PDT"]
[Termination "artin10862 won by resignation"]

1. e4 c6 2. d4 d5 3. e5 Bf5 4.
Nf3 e6 5. Be2 c5 6. Be3 cxd4 7.
Nxd4 Ne7 8. c4 Nbc6 9. cxd5 Nxd4 10. Bxd4 Qxd5 11. Nc3 Qd7 12. Bb5 Nc6 13. Qf3 Be7 14. O-O O-O 15. Bxc6 bxc6 16. Rfd1 Qc7 17. Rac1 Rfd8 18.
Na4 Rd5 19. Nc3 Rdd8 20. Nb5 Qa5 21. Nd6 Bxd6 22. exd6 Qd5 23. Qg3 Bg6 24. Bxg7 Qh5 25. Bc3 c5 26. d7 Rab8 27. Qxb8 1-0

[Event "Early-Titled-Tuesday-Blitz-September-12-2023"]
[Site "Chess.com"]
[Date "2023.09.12"]
[Round "3"]
[White "GMJustin"]
[Black "McCarthyStone"]
[Result "0-1"]
[WhiteElo "2260"]
[BlackElo "2457"]
[TimeControl "180+1"]
[EndTime "8:26:37 PDT"]
[Termination "McCarthyStone won on time"]

1. e4 e5 2. Nf3 d6 3. d4 exd4 4. Qxd4 Bd7 5. c4 Nf6 6. Nc3 Nc6 7. Qd2 g6 8. b3 Bg7 9. Bb2 O-O 10. Bd3 Re8 11. O-O Bg4 12. Ne1 Nd7 13. f3 Be6 14. Nc2 Qh4 15. Ne3 Nc5 16. Bc2 Nd4 17. Rad1 Be5 18. g3 Qh5 19. f4 Bg7 20. f5 Nf3+ 21.
Rxf3 Qxf3 22. Rf1 Qh5 23. fxe6 Nxe6 24. Bb1 Qc5 25. Nd5 Ng5 26. Kh1 Nxe4 0-1

[Event "Early-Titled-Tuesday-Blitz-September-12-2023"]
[Site "Chess.com"]
[Date "2023.09.12"]
[Round "3"]
[White "WinstonSilvakov"]
[Black "wild3000"]
[Result "0-1"]
[WhiteElo "2156"]
[BlackElo "2419"]
[TimeControl "180+1"]
[EndTime "8:26:38 PDT"]
[Termination "wild3000 won by resignation"]

1. d3 d5 2. g3 h5 3. Bg2 h4 4.
b3 h3 5. Bf3 c6 6. Bb2 Nf6 7.
e4 dxe4 8. dxe4 Qxd1+ 9. Kxd1 Nbd7 10. Ne2 Ne5 11. Nd4 c5 12. Nb5 Nxf3 13. Nc7+ Kd8 14.
Nxa8 Bg4 15. Kc1 Nxe4 16. Nc3 Nxc3 17. Bxc3 e5 18. Kb2 Kc8 19. Rad1 Be7 20. Rd5 f6 21. Rhd1 Rd8 22. Ba5 Rxd5 23. Rxd5 b6 24. Bxb6 axb6 25. Nxb6+ Kc7 26. Nc4 Nxh2 27. a4 Nf3 28. Rd1 h2 29.
Rh1 Bh3 30. Ne3 f5 31. Nd5+ Kd6 32. Rd1 Nd4 33. Ne3 f4 34. gxf4 exf4 35. Rh1 fxe3 36.
fxe3 Nf3 0-1

[Event "Early-Titled-Tuesday-Blitz-September-12-2023"]
[Site "Chess.com"]
[Date "2023.09.12"]
[Round "3"]
[White "tptagain"]
[Black "Zohid6"]
[Result "0-1"]
[WhiteElo "2926"]
[BlackElo "2723"]
[TimeControl "180+1"]
[EndTime "8:26:41 PDT"]
[Termination "Zohid6 won by resignation"]

1. Nf3 Nf6 2. b3 d5 3. Bb2 c5 4. e3 Nc6 5. Bb5 Bd7 6. O-O e6 7. c4 Bd6 8. cxd5 exd5 9. Bxf6 Qxf6 10. Nc3 Be6 11. e4 d4 12. Nd5 Qg6 13. d3 O-O 14. Bc4 Qh6 15. Qc1 Qh5 16. Nf4 Qg4 17. Nxe6 fxe6 18.
h3 Qg6 19. Qg5 Qf7 20. Qg4 Kh8 21. Bxe6 Qf6 22. Bd5 Nb4 23. Bc4 Bc7 24. a3 Nc6 25.
Bd5 Rab8 26. a4 Nb4 27. Bc4 a6 28. a5 Nc6 29. Rfe1 Ne5 30. Nxe5 Qxf2+ 31. Kh1 Bxe5 32. Re2 Qf1+ 0-1

[Event "Early-Titled-Tuesday-Blitz-September-12-2023"]
[Site "Chess.com"]
[Date "2023.09.12"]
[Round "3"]
[White "RebecaJimnz"]
[Black "Shuvalov"]
[Result "0-1"]
[WhiteElo "2202"]
[BlackElo "2432"]
[TimeControl "180+1"]
[EndTime "8:26:41 PDT"]
[Termination "Shuvalov won on time"]

1. e4 e6 2. d3 d5 3. Nd2 c5 4. Ngf3 Nc6 5. g3 Nf6 6. Bg2 Be7 7.
O-O O-O 8. Re1 b5 9. e5 Nd7 10. Nf1 a5 11. h4 a4 12. a3 b4 13. N1h2 bxa3 14. bxa3 Ba6 15. Ng4 Rb8 16. h5 h6 17.
Bf4 Rb6 18. Qd2 Re8 19. Bxh6 gxh6 20. Nxh6+ Kg7 21. Qf4 Rf8 22. g4 Nd4 23. Nxd4 cxd4 24.
Qxd4 Kxh6 25. Re3 Bc5 26. Qf4+ Qg5 27. Qxa4 Bb5 28. Qa5 Bxe3 29. fxe3 Qxe3+ 30. Kh1 Rg8 31. Rf1 Rxg4 0-1

[Event "Early-Titled-Tuesday-Blitz-September-12-2023"]
[Site "Chess.com"]
[Date "2023.09.12"]
[Round "3"]
[White "PLAYER_2006_M"]
[Black "Frolyanov_D"]
[Result "1-0"]
[WhiteElo "2865"]
[BlackElo "2640"]
[TimeControl "180+1"]
[EndTime "8:26:43 PDT"]
[Termination "PLAYER_2006_M won by resignation"]

1. d4 d5 2. Nc3 Nf6 3. Bf4 a6 4. e3 Nc6 5. h3 g6 6. Nf3 Bg7 7. Bd3 Nb4 8. O-O Nxd3 9. cxd3 O-O 10. Rc1 c6 11. Qb3 Nd7 12. Rc2 Re8 13. Nxd5 e5 14. Bg5 Qa5 15. Ne7+ Kf8 16. Nxc8 Raxc8 17. dxe5 Nxe5 18.
Nxe5 Qxe5 19. Bf4 Qb5 20. Qxb5 axb5 21. d4 Rcd8 22. g4 Bf6 23. Kg2 Be7 24. Rd1 Rd5 25. e4 Rd7 26. d5 Red8 27. dxc6 Rxd1 28. cxb7 R1d7 29. b8=Q Rxb8 30. Bxb8 Bf6 31. e5 Bg5 32. Bd6+ Kg7 33. Rc7 1-0

[Event "Early-Titled-Tuesday-Blitz-September-12-2023"]
[Site "Chess.com"]
[Date "2023.09.12"]
[Round "3"]
[White "Witty_Alien"]
[Black "noblerone"]
[Result "0-1"]
[WhiteElo "2159"]
[BlackElo "2539"]
[TimeControl "180+1"]
[EndTime "8:26:47 PDT"]
[Termination "noblerone won by resignation"]

1. e4 d5 2. exd5 Qxd5 3. Nc3 Qd8 4. Bc4 Nf6 5. Nf3 a6 6. d4 b5 7. Be2 Bb7 8. Ne5 Nbd7 9. Bf3 Qc8 10. Nc6 e6 11. d5 Bxc6 12. d6 Bxf3 13. Qxf3 cxd6 14. Bg5 Be7 15. O-O-O d5 16. Nxd5 exd5 17. Rhe1 Qc5 18. Rxd5 Qxd5 19. Rxe7+ Kf8 20. Qxd5 Nxd5 21. Rxd7 Nf6 22.
Rc7 h6 23. Be3 Kg8 24. Bd4 Nd5 25. Rd7 Nf4 26. Kd2 Ne6 27. Be5 Rd8 28. Rxd8+ Nxd8 29. Kc3 Nc6 30. Bd6 f6 31. a4 Kf7 32. axb5 axb5 0-1

[Event "Early-Titled-Tuesday-Blitz-September-12-2023"]
[Site "Chess.com"]
[Date "2023.09.12"]
[Round "3"]
[White "farzadbfd"]
[Black "bardiya_Daneshvar"]
[Result "0-1"]
[WhiteElo "2703"]
[BlackElo "2933"]
[TimeControl "180+1"]
[EndTime "8:26:48 PDT"]
[Termination "bardiya_Daneshvar won by resignation"]

1. d4 c6 2. Nf3 Na6 3. Bf4 Nc7 4. e3 g6 5. c4 Bg7 6. Nc3 d6 7. h3 Nf6 8. Be2 O-O 9. O-O Ne6 10. Bh2 c5 11.
Qd2 cxd4 12. Nxd4 Bd7 13. Bf3 Nxd4 14. Qxd4 Bc6 15. Be2 Ne4 16. Qd3 Nxc3 17. bxc3 Qa5 18. Rfc1 Rac8 19. a4 b6 20. Ra3 Bb7 21. Rca1 Ba6 22.
Qe4 Rfe8 23. h4 Bxc3 24. Rd1 Qb4 25. Ra2 Bxc4 26. Bxc4 Qxc4 27. Qxc4 Rxc4 28. h5 Rec8 29. hxg6 hxg6 30. Bf4 f6 31. Bg3 Kf7 32. f3 a5 33. Bf2 Bb4 34. e4 Rc1 35. Rxc1 Rxc1+ 36. Kh2 Bc5 37. Bg3 e5 38. Kh3 Rh1+ 39. Kg4 Ke6 40.
Bh4 f5+ 41. Kg3 Bb4 42. exf5+ gxf5 43. f4 Be1+ 0-1

[Event "Early-Titled-Tuesday-Blitz-September-12-2023"]
[Site "Chess.com"]
[Date "2023.09.12"]
[Round "3"]
[White "chessfatbear"]
[Black "surrenderPLS"]
[Result "0-1"]
[WhiteElo "2818"]
[BlackElo "2534"]
[TimeControl "180+1"]
[EndTime "8:26:48 PDT"]
[Termination "surrenderPLS won on time"]

1. e4 c5 2. Nf3 Nc6 3. d4 cxd4 4.
Nxd4 Nf6 5. Nc3 e5 6. Nf5 d5 7. exd5 Bxf5 8. dxc6 bxc6 9. Qf3 Qd7 10. Bg5 e4 11.
Qd1 Nd5 12. Nxd5 cxd5 13. Qd4 f6 14. Be3 Rc8 15. O-O-O Be6 16. Ba6 Rc7 17. Kb1 Qc6 18. Bf1 Qxc2+ 19. Ka1 Bc5 20. Bb5+ Kf7 21. Qa4 Bxe3 22.
fxe3 Qxg2 23. Qa6 Rhc8 24. Rhe1 Qd2 25. a3 Rc1+ 26. Rxc1 Rxc1+ 27. Rxc1 Qxc1+ 28. Ka2 d4+ 0-1

[Event "Early-Titled-Tuesday-Blitz-September-12-2023"]
[Site "Chess.com"]
[Date "2023.09.12"]
[Round "3"]
[White "InitiatingASC"]
[Black "Predator0608"]
[Result "0-1"]
[WhiteElo "2348"]
[BlackElo "2612"]
[TimeControl "180+1"]
[EndTime "8:26:49 PDT"]
[Termination "Predator0608 won on time"]

1. e4 c5 2. Nf3 d6 3. Bb5+ Bd7 4. a4 Nf6 5. Qe2 g6 6. O-O Bg7 7. c3 O-O 8. Na3 a6 9. Bxd7 Nfxd7 10.
Nc4 Nc6 11. a5 b5 12. axb6 Nxb6 13. Rd1 Nxc4 14. Qxc4 Qb6 15. d3 Rfb8 16. Ra2 Qb5 17. Qd5 e6 18. Qc4 Na5 19. Qa4 Nb3 20. Be3 d5 21.
exd5 exd5 22. Qf4 Re8 23. Ng5 f6 24. Nf3 Re6 25. Qh4 Rae8 26. Bh6 Qxd3 27. Rf1 Qxf1+ 28. Kxf1 g5 29. Bxg5 fxg5 30. Qxg5 h6 31. Qxd5 Nc1 32. Ra1 Ne2 0-1

[Event "Early-Titled-Tuesday-Blitz-September-12-2023"]
[Site "Chess.com"]
[Date "2023.09.12"]
[Round "3"]
[White "parintele_chess"]
[Black "Chessdreamer2020"]
[Result "0-1"]
[WhiteElo "2242"]
[BlackElo "2542"]
[TimeControl "180+1"]
[EndTime "8:26:49 PDT"]
[Termination "Chessdreamer2020 won by checkmate"]

1. d4 d6 2. e4 Nf6 3. Nc3 c6 4.
f4 d5 5. e5 Ng8 6. Nf3 h5 7. Bd3 Nh6 8. O-O g6 9. h3 Bf5 10. Be3 e6 11. a3 Be7 12. b4 h4 13. Be2 Nd7 14. b5 c5 15. dxc5 Nxc5 16. Nd4 Rc8 17. b6 Qxb6 18. Rb1 Qa5 19. Qd2 a6 20. Nb3 Nxb3 21. Rxb3 b5 22. Bd4 O-O 23. g4 hxg3 24. Qe1 Bc5 25. Bxc5 Rxc5 26. Qxg3 Bxc2 27.
h4 Bxb3 28. h5 Qxc3 29. Qg5 Qe3+ 30. Kh1 Qxe2 31. hxg6 Qxf1+ 32. Kh2 Rc2+ 33. Kg3 Rg2+ 34. Kh4 Qh1# 0-1

[Event "Early-Titled-Tuesday-Blitz-September-12-2023"]
[Site "Chess.com"]
[Date "2023.09.12"]
[Round "3"]
[White "sokidze"]
[Black "mishanick"]
[Result "0-1"]
[WhiteElo "2778"]
[BlackElo "3086"]
[TimeControl "180+1"]
[EndTime "8:26:50 PDT"]
[Termination "mishanick won by resignation"]

1. d4 Nf6 2. c4 e6 3. Nf3 d5 4. g3 Be7 5. Bg2 O-O 6. O-O dxc4 7.
Qc2 a6 8. a4 Bd7 9. Qxc4 b5 10.
Qc2 Nc6 11. e4 bxa4 12. Nc3 Nb4 13. Qe2 c5 14. Rd1 cxd4 15. Nxd4 Qb6 16. Nxa4 Bxa4 17. Rxa4 Rfd8 18. e5 Nfd5 19. Ra1 Rac8 20. Qg4 Nc2 21. Bh6 Bf8 22. Nxc2 Rxc2 23. Rf1 Qxb2 24. Be4 Rxf2 25. Bg5 Rd7 26. Rxf2 Qxa1+ 27. Kg2 Qxe5 28.
Qh4 h6 0-1

[Event "Early-Titled-Tuesday-Blitz-September-12-2023"]
[Site "Chess.com"]
[Date "2023.09.12"]
[Round "3"]
[White "Lion-Al-Messi"]
[Black "temus_galaktionov"]
[Result "1-0"]
[WhiteElo "2576"]
[BlackElo "2809"]
[TimeControl "180+1"]
[EndTime "8:26:50 PDT"]
[Termination "Lion-Al-Messi won by resignation"]

1. e4 c6 2. Nf3 g6 3. Nc3 Bg7 4. h3 d6 5. d4 Nd7 6. Be3 e5 7. Qd2 Ngf6 8. a4 O-O 9. Bc4 Qe7 10.
O-O exd4 11. Bxd4 Nxe4 12. Nxe4 Qxe4 13. Rfe1 Qf5 14. Bxg7 Kxg7 15. Qxd6 Qf6 16. Qc7 Nc5 17. Rad1 Bf5 18. b4 Rac8 19. Qa5 Nxa4 20. Qxa4 b5 21. Qxa7 bxc4 22. Nd4 Rfd8 23. c3 Kg8 24. Qc5 Bd3 25. Ra1 Rd5 26. Qb6 Rg5 27. Ra7 Qf4 28. Qb7 Rb8 29.
Qd7 Be4 30. Rxe4 Rxg2+ 31. Kxg2 Qxe4+ 32. Nf3 Rf8 33. Qd4 Qe6 34. Qe5 Qc8 35. Ng5 f6 36.
Qe7 1-0

[Event "Early-Titled-Tuesday-Blitz-September-12-2023"]
[Site "Chess.com"]
[Date "2023.09.12"]
[Round "3"]
[White "baki83"]
[Black "jraosam"]
[Result "1-0"]
[WhiteElo "2808"]
[BlackElo "1995"]
[TimeControl "180+1"]
[EndTime "8:26:50 PDT"]
[Termination "baki83 won on time"]

1. e4 c5 2. Nf3 d6 3. Bb5+ Nd7 4. O-O Nf6 5. Re1 a6 6. Bf1 g6 7. c3 Bg7 8. d4 cxd4 9. cxd4 e5 10. Nc3 O-O 11.
a4 exd4 12. Nxd4 Re8 13. Nb3 Nc5 14. Nxc5 dxc5 15. Qxd8 Rxd8 16. Be3 Be6 17. Bxc5 Rac8 18. Ba3 Nd7 19. Nd5 Bxd5 20. exd5 Nb6 21. d6 Nxa4 22. Rad1 Bxb2 23. d7 Bxa3 24. dxc8=Q Rxc8 25. Ra1 Bb4 26. Reb1 1-0

[Event "Early-Titled-Tuesday-Blitz-September-12-2023"]
[Site "Chess.com"]
[Date "2023.09.12"]
[Round "3"]
[White "HATilay"]
[Black "turayev_shahruh17"]
[Result "0-1"]
[WhiteElo "2549"]
[BlackElo "2823"]
[TimeControl "180+1"]
[EndTime "8:26:50 PDT"]
[Termination "turayev_shahruh17 won by resignation"]

1. d4 Nf6 2. c4 g6 3. Nc3 Bg7 4.
e4 d6 5. Be2 O-O 6. Be3 e5 7.
d5 Na6 8. g4 Nc5 9. f3 a5 10. h4 h5 11. Bg5 Qe8 12. Bxf6 Bxf6 13. gxh5 gxh5 14. Qd2 Kh7 15. Nh3 Bxh3 16. Rxh3 Rg8 17.
O-O-O a4 18. Qe3 Rg2 19. Rg1 Rxg1+ 20. Qxg1 a3 21. b4 Nb3+ 22. Kb1 Nd4 23. Bd3 c5 24. b5 Qd8 25. Ka1 Qa5 26. Qc1 Rg8 27. Rh2 Rg1 28. Nd1 Qe1 29. Rd2 Bg7 0-1

[Event "Early-Titled-Tuesday-Blitz-September-12-2023"]
[Site "Chess.com"]
[Date "2023.09.12"]
[Round "3"]
[White "Oleksandr_Bortnyk"]
[Black "Raskolnikov6"]
[Result "1-0"]
[WhiteElo "3020"]
[BlackElo "2274"]
[TimeControl "180+1"]
[EndTime "8:26:51 PDT"]
[Termination "Oleksandr_Bortnyk won by resignation"]

1. e4 c5 2. c3 d5 3. exd5 Qxd5 4. d4 Nf6 5. Be3 cxd4 6. cxd4 e6 7. Nc3 Bb4 8. Nf3 O-O 9. Bd3 Bxc3+ 10. bxc3 b6 11. Qe2 Bb7 12. O-O Nc6 13. Rab1 Na5 14.
Rb5 Qd6 15. Rg5 Rac8 16. c4 Bxf3 17. Qxf3 Ne8 18. Bf4 Qe7 19. c5 f6 20. Qh5 g6 21.
Rg3 Ng7 22. Qh6 bxc5 23. dxc5 Rfd8 24. Bd6 Qf7 25. Rxg6 hxg6 26. Bxg6 Nf5 27. Bxf7+ 1-0

[Event "Early-Titled-Tuesday-Blitz-September-12-2023"]
[Site "Chess.com"]
[Date "2023.09.12"]
[Round "3"]
[White "S-Fazulyanov"]
[Black "Keithonsky"]
[Result "1/2-1/2"]
[WhiteElo "2450"]
[BlackElo "2612"]
[TimeControl "180+1"]
[EndTime "8:26:51 PDT"]
[Termination "Game drawn by repetition"]

1. e4 c5 2. Nf3 e6 3. c4 a6 4. Nc3 Nc6 5. Be2 Nf6 6. O-O Nd4 7.
d3 d6 8. Rb1 Be7 9. a3 Nxf3+ 10. Bxf3 Rb8 11. d4 cxd4 12. Qxd4 O-O 13. Rd1 Qc7 14.
b4 Bd7 15. Be2 Rbc8 16. Bb2 Rfd8 17. Rbc1 Qb8 18. f4 b5 19. cxb5 Bxb5 20. Nxb5 Rxc1 21. Rxc1 axb5 22. Qd3 Qb6+ 23. Bd4 Qb7 24. Bf3 e5 25.
Be3 exf4 26. Bxf4 Qa6 27. h3 Nd7 28. Qc3 Bf6 29. Qc6 Qxc6 30. Rxc6 Bd4+ 31. Kf1 Ne5 32.
Bxe5 dxe5 33. Bg4 g6 34. Rc8 Rxc8 35. Bxc8 Bb2 36. Bd7 Bxa3 37. Bxb5 Bxb4 38. Ke2 Kg7 39. Kf3 f5 40. Bd7 Kf6 41. Bc6 h5 42. Bd5 Kg5 43. Bf7 h4 44. Be8 Kf6 45. Bc6 Kg5 46.
Bd5 Bd2 47. Bc6 Bf4 48. Bd5 Kf6 49. Bc6 Ke7 50. Bd5 Kf6 51. Bc6 Ke7 52. Bd5 Kf6 1/2-1/2

[Event "Early-Titled-Tuesday-Blitz-September-12-2023"]
[Site "Chess.com"]
[Date "2023.09.12"]
[Round "3"]
[White "TregubovP"]
[Black "Lady_Nika"]
[Result "1-0"]
[WhiteElo "2659"]
[BlackElo "2478"]
[TimeControl "180+1"]
[EndTime "8:26:57 PDT"]
[Termination "TregubovP won on time"]

1. e4 c5 2. Nf3 e6 3. c3 Nc6 4. d4 cxd4 5. cxd4 d5 6. e5 Qb6 7. Nc3 Bd7 8. Be2 Nge7 9. O-O Nf5 10. Na4 Qc7 11. a3 Be7 12. Bf4 O-O 13. Rc1 Rac8 14. g4 Nh4 15. Nxh4 Bxh4 16. g5 Qd8 17. Nc5 b6 18.
Nxd7 Qxd7 19. Ba6 Rc7 20. Bb5 h6 21. gxh6 g5 22. Be3 Rfc8 23. Kh1 Qd8 24. Qh5 Kh8 25.
Rg1 Ne7 26. Rxc7 Rxc7 27. Bxg5 1-0